 Dungeon Crawl Stone Soup version 0.24-a0-134-gd0b080c8eb (webtiles) character file.

Game seed: 8036856629579432966

2448 MirrMurr the Spear-Bearer (level 9, -17/98 HPs)
             Began as an Ogre Berserker on Feb 28, 2019.
             Was a Priest of Trog.
             Demolished by Harold
             ... wielding a +0 scimitar
              (26 damage)
             ... on level 8 of the Dungeon.
             The game lasted 00:16:16 (8499 turns).

MirrMurr the Spear-Bearer (Ogre Berserker)          Turns: 8499, Time: 00:16:16

Health: -17/98     AC:  7    Str: 23    XL:     9   Next: 49%
Magic:  9/9        EV: 14    Int:  8    God:    Trog [***...]
Gold:   472        SH:  0    Dex: 16    Spells: 8/8 levels left

rFire    . . .     SeeInvis .   a - +1 trident
rCold    . . .     Gourm    .   (no shield)
rNeg     + . .     Faith    .   z - +0 steam dragon scales
rPois    .         Spirit   .   p - +1 hat
rElec    .         Reflect  .   (no cloak)
rCorr    .         Harm     .   (gloves unavailable)
MR       ++...                  (boots unavailable)
Stlth    +.........             (no amulet)
HPRegen  1.26/turn              A - ring of positive energy
MPRegen  0.11/turn              d - +5 ring of dexterity

@: berserk cooldown, starving, regenerating, slowed, very slow
A: large, unfitting armour, tough skin 1
a: Berserk, Trog's Hand, Renounce Religion


You were on level 8 of the Dungeon.
You worshipped Trog.
Trog was most pleased with you.
You were starving.

You visited 2 branches of the dungeon, and saw 9 of its levels.

You collected 472 gold pieces.

Inventory:

Hand Weapons
 a - a +1 trident (weapon)
 g - a +0 hunting sling
Missiles
 e - 44 sling bullets
 j - 206 stones (quivered)
 m - 29 poisoned needles
 B - 8 needles of sleeping
Armour
 p - a +1 hat (worn)
 z - +0 steam dragon scales (worn)
Jewellery
 d - a +5 ring of dexterity (right hand)
 f - an uncursed ring of wizardry {unknown}
 t - a cursed ring of attention {unknown}
 A - a ring of positive energy (left hand)
Wands
 r - a wand of paralysis (11)
 s - a wand of acid (6)
 v - a wand of flame (35)
 y - a wand of random effects (18)
Scrolls
 n - a scroll of brand weapon {unknown}
 w - a scroll of fog
 x - 3 scrolls of teleportation
Potions
 b - 2 potions of agility
 h - 2 potions of lignification
 i - 5 potions of flight
 k - a potion of mutation
 l - a potion of resistance
 o - 6 potions of curing
 q - 2 potions of heal wounds
 u - 4 potions of haste
Comestibles
 c - 14 rations


   Skills:
 + Level 9.1 Fighting
 * Level 9.4 Polearms
 + Level 6.3 Dodging


You had 8 spell levels left.
You didn't know any spells.
Your spell library was empty.

Dungeon Overview and Level Annotations

Branches:
Dungeon (8/15)             Temple (1/1) D:5
   Lair: D:8-11

Altars:
Ashenzari
Cheibriados
Dithmenos
Elyvilon
Fedhas
Gozag
Hepliaklqana
Nemelex Xobeh
Okawaru
Qazlal
Ru
Sif Muna
Trog
Uskayaw
Vehumet
Wu Jian
Xom
Yredelemnul
Zin
The Shining One

Shops:
D:8 (

Annotations:
D:8 3 runed translucent doors, Harold


Innate Abilities, Weirdness & Mutations

You are too large for most types of armour.
You have tough skin. (AC +1)


Message History

The bullfrog barely misses you. Harold hits you with a +0 scimitar.
* * * LOW HITPOINT WARNING * * *
The bullfrog hits you but does no damage.
You hit Harold but do no damage.
Harold is severely wounded.
The bullfrog hits you.
* * * LOW HITPOINT WARNING * * *
Harold misses you. The bullfrog misses you.
You barely miss Harold.
Harold is severely wounded.
The bullfrog hits you but does no damage.
Harold hits you with a +0 scimitar!
* * * LOW HITPOINT WARNING * * *
The bullfrog closely misses you.
You hit Harold but do no damage.
Harold is severely wounded.
The bullfrog hits you.
* * * LOW HITPOINT WARNING * * *
Harold hits you with a +0 scimitar!!
You die...

#......###......##.#...
.<..........##.........
....##....#............
...##....##............
######..##...#.........
#......##.........
###.....##....@...
#........@#
#######......#@#
#8.8.8#......##FZ.....
#.⌠.⌠........###......
##8.∩.8........# .....#
#..⌠.⌠.....>..## ...##
#.8.8.8........## .....
#.......#.......# ....
##########.#..### #...
######


You could see Harold, a bullfrog and a worker ant zombie.

Vanquished Creatures
  A steam dragon (D:7)
  A water moccasin (D:8)
  A black bear (D:6)
  2 ice beasts
  A sky beast (D:6)
  3 ogres
  A centaur (D:7)
  2 bullfrogs
  2 elf skeletons (D:5)
  2 scorpions
  10 killer bees (D:7)
  2 human zombies (D:5)
  2 crimson imps
  8 hounds
  2 orc priests (D:6)
  An orc wizard (D:3)
  4 worker ants
  7 adders
  2 shadow imps
  4 worms
  3 dart slugs
  7 leopard geckos
  13 orcs
  3 ball pythons
  4 bats
  4 giant cockroaches
  3 goblins
  8 hobgoblins
  2 jackals (D:4)
  13 kobolds
  3 quokkas
  4 frilled lizards
  A jackal zombie (D:7)
  A leopard gecko skeleton (D:7)
  A leopard gecko zombie (D:5)
  An orc skeleton (D:5)
  An orc zombie (D:5)
  11 rats
141 creatures vanquished.

Notes
Turn   | Place    | Note
-------+----------+-------------------------------------------
     0 | D:1      | MirrMurr the Ogre Berserker began the quest for the Orb.
     0 | D:1      | Reached XP level 1. HP: 24/24 MP: 1/1
   112 | D:1      | Reached XP level 2. HP: 27/32 MP: 2/2
   253 | D:1      | Found an iron altar of Okawaru.
   395 | D:1      | Reached XP level 3. HP: 40/40 MP: 3/3
  1272 | D:2      | Reached ** piety under Trog
  1516 | D:3      | Reached XP level 4. HP: 49/49 MP: 4/4
  2498 | D:3      | Reached skill level 5 in Fighting
  2498 | D:3      | Reached XP level 5. HP: 14/57 MP: 5/5
  3384 | D:4      | Found a glowing silver altar of Zin.
  3538 | D:4      | Found a glowing golden altar of the Shining One.
  3899 | D:5      | Entered Level 5 of the Dungeon
  4052 | D:5      | Noticed an ice beast
  4088 | D:5      | Noticed an ogre
  4102 | D:5      | Killed an ice beast
  4102 | D:5      | Reached skill level 5 in Polearms
  4102 | D:5      | Reached XP level 6. HP: 58/66 MP: 6/6
  4246 | D:5      | Found a staircase to the Ecumenical Temple.
  4255 | Temple   | Entered the Ecumenical Temple
  4667 | D:5      | Reached XP level 7. HP: 66/75 MP: 7/7
  4765 | D:5      | Reached *** piety under Trog
  5737 | D:6      | Reached XP level 8. HP: 61/87 MP: 8/8
  5817 | D:6      | Reached skill level 5 in Dodging
  6395 | D:6      | Found a shadowy altar of Dithmenos.
  6395 | D:6      | Found a hazy altar of Hepliaklqana.
  6681 | D:6      | Found an opulent altar of Gozag.
  7042 | D:7      | Reached XP level 9. HP: 96/96 MP: 9/9
  8408 | D:8      | Found a runed translucent gate.
  8408 | D:8      | Found a runed translucent gate.
  8419 | D:8      | Found a runed translucent gate.
  8428 | D:8      | Noticed a green ugly thing
  8429 | D:8      | Noticed a brown ugly thing
  8430 | D:8      | Noticed a red ugly thing
  8450 | D:8      | Found Estiym's Weapon Shop.
  8479 | D:8      | Noticed Harold
  8499 | D:8      | Demolished by Harold

Levels and vault maps discovered:
D:1:      roderic_dead_forest, layout_basic, okawaru_ov_weapons_minmay
D:2:      layout_loops_cross
D:3:      layout_basic, first_ration
D:4:      layout_loops_cross, lemuel_doored_altar, lemuel_round_altar
D:5:      layout_cave_pods, minmay_temple_entry_junction,
          nicolae_ossuary_entry_catacombs
D:6:      layout_gridville, gammafunk_temple_overflow_elements,
          nicolae_gozag_cash_rules_everything_around_me
D:7:      layout_basic, kennysheep_small_circle
D:8:      layout_cave_pools, lemuel_round_altar, serial_shops,
          nicolae_shop_temple_entry_statues_fountains,
          ploomutoo_gammafunk_ghost_potion_laboratory, uniq_harold, uniq_joseph
Temple:   minmay_freezing_vapour_temple

Skill      XL: |  1  2  3  4  5  6  7  8  9 |
---------------+----------------------------+-----
Dodging        | 3 4 5 6 |  6.3
Polearms       | 4 5 7 8 9 |  9.4
Fighting       | 5 6 7 8 9 |  9.1

Action                   |  1- 3 |  4- 6 |  7- 9 || total
-------------------------+-------+-------+-------++-------
Melee: Spear             |   134 |   134 |       ||   268
       Trident           |       |    70 |   357 ||   427
Throw: Stone             |       |     5 |       ||     5
Invok: Berserk           |       |     2 |     5 ||     7
       Trog's Hand       |       |     1 |     5 ||     6
  Use: Scroll            |     6 |     7 |     8 ||    21
       Potion            |       |     1 |       ||     1
 Stab: Sleeping          |     1 |     1 |     4 ||     6
  Eat: Chunk             |     1 |    10 |    12 ||    23
       Ration            |       |     1 |     1 ||     2
Armor: Animal skin       |     3 |       |       ||     3
       Robe              |    13 |    47 |    50 ||   110
       Steam dragon scal |       |       |    18 ||    18
Dodge: Dodged            |    53 |    78 |   177 ||   308

Table legend:
 A = Non-vault XP
 B = Vault XP
 C = Vault XP percentage of total XP
 D = Non-vault monster count
 E = Vault monster count
 F = Vault count percentage of total count
                 A         B        C        D         E       F
            +---------+---------+-------+---------+---------+-------
      Total |    3208 |     290 |   8.3 |     134 |       7 |   5.0
            +---------+---------+-------+---------+---------+-------
        D:1 |      37 |       0 |   0.0 |      22 |       0 |   0.0
        D:2 |      42 |       0 |   0.0 |      16 |       0 |   0.0
        D:3 |     124 |       0 |   0.0 |      27 |       0 |   0.0
        D:4 |      61 |       0 |   0.0 |       5 |       0 |   0.0
        D:5 |     546 |     257 |  32.0 |      19 |       6 |  24.0
        D:6 |     757 |       0 |   0.0 |      15 |       0 |   0.0
        D:7 |    1396 |      33 |   2.3 |      25 |       1 |   3.8
        D:8 |     245 |       0 |   0.0 |       5 |       0 |   0.0
            +---------+---------+-------+---------+---------+-------
